AoeStats
← Bornvibe

MegaRandom

510480319Analyzed
4v4 RM · 1d ago on Oct 1, 2026· 84m 33s· 8 players
Game mode
Random Map
Map size
Large (8 player)
Population
200
Speed
Normal
Resources
Standard
Victory
Conquest
Starting age
Dark Age
Ending age
Imperial Age
RankedLock teamsTeams togetherTeam positionsShared explorationLock speedFull tech treeHidden civsTurbo modeCheats
Victory
Defeat
🇺🇸 Mongols · United States
996
+14
🇨🇦 Goths · Canada
966
+15
🇨🇦 Magyars · Canada
959
+16
🇺🇸 Cumans · United States
918
+17
🇺🇸 Saracens · United States
992
-17
🇦🇷 Inca · Argentina
945
-15
🇦🇺 Aztecs · Australia
936
-15
🇦🇷 Koreans · Argentina
928
-15
ptom
0:39 Loom
10:21 Feudal Age
11:29 Double-Bit Axe
14:01 Fishing Lines
17:37 Stone Mining
19:20 Wheelbarrow
18:39 Gold Mining
22:07 Castle Age
22:32 Bloodlines
22:36 Light Cavalry
23:57 Scale Barding Armor
25:02 Corvinian Army
25:31 Ballistics
26:47 Gillnets
27:41 Masonry
27:15 Treadmill Crane
27:50 Clinker Construction
28:26 Murder Holes
28:56 Fletching
29:19 Bow Saw
29:40 Bodkin Arrow
31:25 Chain Barding Armor
33:02 Husbandry
34:24 Hand Cart
33:55 Town Watch
38:16 Coinage
42:11 Caravan
47:56 Imperial Age
49:03 Conscription
49:22 Plate Barding Armor
50:17 Two-Man Saw
49:23 Bracer
50:56 Hoardings
51:36 Elite Magyar Huszar
52:44 Padded Archer Armor
54:06 Cavalier
55:45 Leather Archer Armor
56:03 Recurve Bow
56:26 Town Patrol
58:34 Parthian Tactics
58:42 Thumb Ring
59:56 Heavy Cavalry Archer
69:47 Banking
72:19 Horse Collar
75:48 Ring Archer Armor
79:35 Chemistry
78:41 Siege Engineers
82:26 Hussar
83:50 Fervor
cheddarmac
10:24 Feudal Age
13:46 Double-Bit Axe
18:37 Wheelbarrow
22:45 Castle Age
21:06 Bloodlines
22:46 Light Cavalry
24:09 Forging
24:09 Horse Collar
26:12 Hand Cart
34:10 Scale Barding Armor
34:41 Iron Casting
42:33 Chain Barding Armor
43:40 Gold Mining
45:29 Padded Archer Armor
45:29 Fletching
47:08 Heavy Plow
47:21 Bow Saw
52:56 Imperial Age
53:08 Hussar
65:09 Blast Furnace
Jman
0:32 Loom
10:51 Feudal Age
12:35 Double-Bit Axe
17:00 Horse Collar
20:44 Castle Age
18:56 Stone Mining
18:59 Gold Mining
18:35 Man-at-Arms
19:24 Scale Mail Armor
19:25 Fishing Lines
22:15 Squires
23:19 Long Swordsman
30:05 Forging
40:36 Wheelbarrow
56:50 Caravan
58:37 Bow Saw
60:05 Iron Casting
59:46 Chain Mail Armor
66:00 Heavy Plow
70:26 Imperial Age
68:28 Padded Archer Armor
68:19 Fletching
70:18 Leather Archer Armor
71:24 Two-Handed Swordsman
75:00 Blast Furnace
77:09 Conscription
76:53 Champion
78:16 Anarchy
79:51 Murder Holes
82:51 Bodkin Arrow
The Real Skull
7:39 Loom
9:50 Feudal Age
14:30 Castle Age
12:52 Double-Bit Axe
12:49 Horse Collar
20:25 Wheelbarrow
22:25 Heavy Plow
23:26 Gold Mining
24:12 Fletching
24:22 Padded Archer Armor
25:34 Bow Saw
27:27 Bodkin Arrow
27:47 Leather Archer Armor
29:48 Bloodlines
29:38 Husbandry
33:46 Imperial Age
31:31 Hand Cart
32:08 Ballistics
34:12 Elite Mangudai
35:13 Conscription
35:34 Drill
34:37 Capped Ram
35:47 Bracer
40:05 Gold Shaft Mining
39:24 Stone Mining
39:18 Siege Ram
42:59 Caravan
43:04 Onager
44:10 Thumb Ring
44:31 Parthian Tactics
44:15 Siege Engineers
46:23 Siege Onager
55:16 Forging
55:11 Scale Barding Armor
54:42 Light Cavalry
55:58 Hussar
57:16 Iron Casting
57:09 Chain Barding Armor
63:47 Chemistry
81:14 Blast Furnace
DJSTONKS
11:43 Feudal Age
12:12 Double-Bit Axe
16:11 Castle Age
15:56 Horse Collar
21:18 Heavy Plow
22:11 Loom
22:52 Bow Saw
23:33 Forging
23:24 Scale Mail Armor
23:32 Scale Barding Armor
26:14 Wheelbarrow
27:35 Iron Casting
27:22 Chain Barding Armor
33:32 Imperial Age
34:07 Husbandry
34:19 Bloodlines
37:47 Hand Cart
37:17 Town Watch
37:56 Elite Mameluke
38:57 Conscription
40:52 Plate Barding Armor
41:18 Blast Furnace
42:18 Fletching
42:29 Padded Archer Armor
45:01 Crossbowman
45:47 Thumb Ring
45:40 Bodkin Arrow
46:00 Leather Archer Armor
46:11 Ballistics
46:52 Chemistry
46:17 Arbalester
47:18 Bracer
48:06 Ring Archer Armor
49:42 Caravan
57:53 Town Patrol
61:16 Light Cavalry
62:40 Hussar
74:28 Heavy Camel Rider
Bornvibe
12:38 Feudal Age
13:55 Double-Bit Axe
15:59 Wheelbarrow
17:39 Castle Age
16:17 Wheelbarrow
15:27 Loom
16:03 Arson
16:25 Scale Mail Armor
16:08 Horse Collar
16:36 Gold Mining
18:29 Fletching
18:51 Forging
18:46 Squires
20:44 Bow Saw
21:02 Padded Archer Armor
23:41 Chain Mail Armor
26:00 Iron Casting
33:14 Hand Cart
37:10 Imperial Age
34:27 Town Watch
37:01 Caravan
37:09 Stone Mining
37:32 Gambesons
39:18 Elite Skirmisher
40:26 Treadmill Crane
42:27 Plate Mail Armor
41:57 Bodkin Arrow
43:39 Conscription
44:55 Garland Wars
43:58 Capped Ram
45:59 Eagle Warrior
46:45 Atlatl
48:17 Elite Jaguar Warrior
50:39 Blast Furnace
52:04 Gold Shaft Mining
55:17 Chemistry
54:37 Ballistics
54:23 Siege Engineers
54:14 Murder Holes
56:37 Leather Archer Armor
56:23 Bracer
66:16 Siege Ram
ricky
10:36 Feudal Age
11:33 Loom
14:50 Castle Age
13:22 Horse Collar
13:43 Double-Bit Axe
15:48 Wheelbarrow
16:44 Elite Skirmisher
24:42 Pikeman
27:57 Forging
29:23 Squires
29:37 Scale Mail Armor
34:51 Hand Cart
35:02 Thumb Ring
36:40 Town Watch
37:20 Heavy Plow
37:31 Bow Saw
42:09 Imperial Age
40:44 Squires
41:24 Iron Casting
41:40 Ballistics
41:55 Fletching
42:18 Halberdier
42:49 Elite Kamayuk
44:46 Conscription
44:54 Padded Archer Armor
48:24 Onager
49:46 Onager
52:50 Bodkin Arrow
53:57 Chemistry
53:10 Masonry
55:37 Murder Holes
55:59 Bracer
57:24 Crop Rotation
60:59 Chain Mail Armor
66:45 Redemption
75:52 Leather Archer Armor
80:51 Ring Archer Armor
knoxville2049
0:31 Loom
11:09 Feudal Age
12:15 Double-Bit Axe
12:52 Horse Collar
25:57 Castle Age
25:36 Fletching
27:20 Bow Saw
27:31 Bodkin Arrow
28:32 Crossbowman
34:31 Scale Mail Armor
34:41 Forging
34:43 Heavy Plow
36:07 Chain Mail Armor
36:32 Thumb Ring
37:17 Wheelbarrow
36:27 Town Watch
36:44 Elite Skirmisher
38:20 Iron Casting
38:13 Ballistics
37:34 Treadmill Crane
37:50 Murder Holes
38:15 Arson
38:31 Squires
39:39 Masonry
62:05 Imperial Age
59:51 Hand Cart
59:22 Town Watch
63:43 Plate Mail Armor
64:34 Two-Man Saw
64:48 Eupseong
65:09 Conscription
65:11 Elite Fire Lancer
66:35 Elite War Wagon
74:11 Plate Mail Armor
74:06 Gold Mining
74:07 Stone Mining
75:12 Pikeman
76:43 Stone Shaft Mining
76:43 Gold Shaft Mining
77:22 Halberdier
Connection lost

Rejoining the realm…

Still unreachable

The connection could not be restored.

Session expired

The server has moved on; the page needs a fresh start.